 Dungeon Crawl Stone Soup version 0.29.1 (webtiles) character file.

Game seed: 4638373643092669739

57 qw the Chopper (level 4, -7/28 HPs)
             Began as a Gargoyle Fighter on Sept 13, 2022.
             Mangled by a gnoll
             ... wielding a +0 halberd
              (8 damage)
             ... on level 2 of the Dungeon.
             The game lasted 00:00:29 (1402 turns).

qw the Chopper (Gargoyle Fighter)                   Turns: 1402, Time: 00:00:30

Health: -7/28      AC: 12    Str: 25    XL:     4   Next: 0%
Magic:  4/4        EV:  7    Int: 11    God:
Gold:   49         SH:  4    Dex:  7    Spells: 3/3 levels left

rFire   . . .      SeeInvis .   Y - +1 war axe (venom)
rCold   . . .      Faith    .   c - +0 buckler
rNeg    + . .      Spirit   .   f - +0 chain mail
rPois   inf        Reflect  .   (no helmet)
rElec   +          Harm     .   (no cloak)
rCorr   .          Rampage  .   (no gloves)
Will    .....                   (no boots)
Stlth   ..........              (no amulet)
HPRegen 0.09/turn               (no ring)
MPRegen 0.09/turn               (no ring)

@: no status effects
A: sickness immunity, AC +3, negative energy resistance 1, electricity
resistance, torment resistance 1, petrification resistance, clever 1, strong 1,
evolution 1
a: no special abilities


You were on level 2 of the Dungeon.
You visited 1 branch of the dungeon, and saw 2 of its levels.

You collected 49 gold pieces.


Innate Abilities, Weirdness & Mutations

You are immune to sickness and miasma.
Your stone body is resilient. (AC +3)
You are immune to poison.
You resist negative energy. (rN+)
You are resistant to electric shocks. (rElec)
You are resistant to unholy torment.
You are immune to petrification.
Your mind is acute. (Int +4, Str/Dex -1)
Your muscles are strong. (Str +4, Int/Dex -1)
You have hidden genetic potential.


   Skills:
 - Level 3.2 Fighting
 + Level 3.7 Axes
 - Level 3.2 Armour
 - Level 3.2 Shields


You had 3 spell levels left.
You didn't know any spells.
Your spell library was empty.

Inventory:

Hand Weapons
 g - a +0 club
 Y - a +1 war axe of venom (weapon)
Armour
 c - a +0 buckler (worn)
 f - a +0 chain mail (worn)
Scrolls
 a - a scroll of immolation {unknown}
 e - a scroll of amnesia {unknown}
 l - a scroll of magic mapping {unknown}
Potions
 b - a potion of cancellation {unknown}
 d - a potion of might
 h - a potion of heal wounds {unknown}
 i - a potion of invisibility {unknown}
 j - a potion of mutation
 k - a potion of haste {unknown}

Dungeon Overview and Level Annotations

Branches:
Dungeon (2/15)

Altars:


Message History

A hobgoblin comes into view.
You slash the hobgoblin!
You kill the hobgoblin!
An endoplasm comes into view.
The endoplasm quivers.
You hit the endoplasm.
You kill the endoplasm!
You feel a genetic drift.
You feel clever.
An endoplasm comes into view.
Enter note:
Enter note: You slash the endoplasm!
You kill the endoplasm!
A gnoll comes into view. It is wielding a +0 spear.
The gnoll shouts!
A gnoll comes into view. It is wielding a +0 spear.
You see here a +1 helmet.
1393 ||| Stepping ~*~*~tactically~*~*~ (hiding).
You start waiting.
A gnoll is nearby! 2 gnolls come into view.
The gnoll shouts! x3
The gnoll hits you from afar with a +0 spear.
The gnoll hits you with a +0 spear. The gnoll hits you but does no damage.
You slash the gnoll!
You kill the gnoll!
The gnoll hits you but does no damage. The gnoll hits you but does no damage.
The gnoll hits you from afar with a +0 halberd!
You see here a +0 spear.
You closely miss the gnoll. The gnoll barely misses you.
You block the gnoll's attack.
You slash the gnoll!
You kill the gnoll!
The gnoll hits you from afar with a +0 halberd!
The gnoll hits you but does no damage.
You have reached level 4!
You feel stronger.
The gnoll hits you from afar with a +0 halberd!
You die...

# # ### #.. #.# ...##
#.# #... ##.######....##
##########.[............
#....gg@).....##########
##########....# #.#
####.# #.### ####.#
#...### #....# ###...#
#.#### #...#.# #.#
###### ###.....# #.#
...... #...###.# #.# #


You could see 2 gnolls.

Vanquished Creatures
  2 gnolls (D:2)
  2 dart slugs
  2 bats (D:1)
  4 endoplasms
  2 giant cockroaches (D:2)
  3 goblins
  3 hobgoblins
  2 quokkas
  5 ball pythons
  2 frilled lizards
  3 kobolds
  A rat (D:2)
31 creatures vanquished.

Notes
Turn   | Place    | Note
-------+----------+-------------------------------------------
     0 | D:1      | qw the Gargoyle Fighter began the quest for the Orb.
     0 | D:1      | Reached XP level 1. HP: 14/14 MP: 1/1
     0 | D:1      | 0 ||| qw: Version: 0.1-a-119-g272c26d
     0 | D:1      | 0 ||| qw: Game counter: 11132
     0 | D:1      | 0 ||| qw: Always use a shield: true
     0 | D:1      | 0 ||| qw: God list: Okawaru
     0 | D:1      | 0 ||| qw: Allow faded altars: false
     0 | D:1      | 0 ||| qw: Do Orc after D:15 true
     0 | D:1      | 0 ||| qw: Do second Lair branch before Depths: true
     0 | D:1      | 0 ||| qw: Lair rune preference: random
     0 | D:1      | 0 ||| qw: Plans: Normal, Zot, God:TSO, Crypt, Tomb, Pan,
                  | Slime, Hells, Zig, Abyss, Orb
     0 | D:1      | 0 ||| PLANNING D:1-11
    60 | D:1      | 60 ||| Stepping ~*~*~tactically~*~*~ (stealth).
   400 | D:1      | 400 ||| Stepping ~*~*~tactically~*~*~ (hiding).
   407 | D:1      | Reached XP level 2. HP: 17/19 MP: 2/2
   945 | D:1      | 945 ||| UPGRADING to +0 chain mail.
   955 | D:1      | 955 ||| DROPPING +0 scale mail.
   956 | D:1      | 956 ||| DROPPING +6 ring of intelligence.
   957 | D:1      | 957 ||| READING scroll labelled COIC EBRYBBE.
   958 | D:1      | 958 ||| READING scroll labelled PIOSUJ CEATI.
   959 | D:1      | 959 ||| READING scroll labelled ENUMNOIZOMN.
   960 | D:1      | 960 ||| READING scroll labelled PEEMPI MICURUO.
   961 | D:1      | 961 ||| DRINKING 2 emerald potions.
   961 | D:1      | Gained mutation: You have hidden genetic potential. [potion
                  | of mutation]
   961 | D:1      | Gained mutation: Your muscles are strong. (Str +4, Int/Dex
                  | -1) [potion of mutation]
   997 | D:2      | Reached skill level 3 in Axes
  1025 | D:2      | Reached XP level 3. HP: 23/23 MP: 3/3
  1098 | D:2      | 1098 ||| Stepping ~*~*~tactically~*~*~ (stealth).
  1279 | D:2      | Gained mutation: Your mind is acute. (Int +4, Str/Dex -1)
                  | [hidden potential]
  1393 | D:2      | 1393 ||| Stepping ~*~*~tactically~*~*~ (hiding).
  1401 | D:2      | HP: 1/23 [gnoll/+0 halberd (10)]
  1402 | D:2      | Reached XP level 4. HP: 1/28 MP: 4/4
  1402 | D:2      | Mangled by a gnoll

Levels and vault maps discovered:
D:1:      dpeg_arrival_rhombi, layout_rooms, grunt_decor_clamped
D:2:      layout_loops_ring, basic_altar, lexackson_kobold_supper

Skill      XL: |  1  2 |
---------------+-------+-----
Axes           | 2 3 |  3.7
Fighting       | |  3.2
Armour         | |  3.2
Shields        | |  3.2

Action                   |  1- 3 |  4- 6 || total
-------------------------+-------+-------++-------
Melee: War axe           |    71 |       ||    71
  Use: Scroll            |     4 |       ||     4
       Potion            |     1 |       ||     1
Armor: Scale mail        |    20 |       ||    20
       Chain mail        |    12 |       ||    12
Dodge: Dodged            |    23 |       ||    23
Block: Buckler           |    14 |       ||    14

Table legend:
 A = Non-vault XP
 B = Vault XP
 C = Vault XP percentage of total XP
 D = Non-vault monster count
 E = Vault monster count
 F = Vault count percentage of total count
                 A         B        C        D         E       F
            +---------+---------+-------+---------+---------+-------
      Total |      82 |       0 |   0.0 |      31 |       0 |   0.0
            +---------+---------+-------+---------+---------+-------
        D:1 |      26 |       0 |   0.0 |      14 |       0 |   0.0
        D:2 |      56 |       0 |   0.0 |      17 |       0 |   0.0
            +---------+---------+-------+---------+---------+-------
